cohdb
Replays
Latest Replays
All Replays
Popular Replays
Top Player Replays
Match Explorer
How It Works
Community
CoH3 Stats
Reddit
Sign in to upload your games and track your stats! →
Sign in with Steam
Match 42592952
Unlisted
Match 42592952
Overview
Messages
Build Orders
End
Vickers Machine Gun Team
Construct Section Command Post
Dingo Light Scout Car
Infantry Section
Infantry Section
Grenade Package
Construct Platoon Command Post
6-pounder Anti-tank Gun Team
CMP 15cwt Truck
6-pounder Anti-tank Gun Team
Construct Company Command Post
Selects Indian Artillery Battlegroup
Selects Valour
Selects Gurkha Rifles Section
Gurkha Rifles Section
Matilda II Heavy Tank
Team Weapon Training
CMP 15cwt Truck
Walther
AHOIENMQ
B Ranked Aura Farmer
我不會說中文
Phan
panther
Dark Angels
Tirant
0
0
Comments
sign in to comment!
No comments posted yet!